 Dungeon Crawl Stone Soup version 0.21-a0-324-gfc3775b (webtiles) character file.

21 Manul the Sneak (level 2, -1/22 HPs)
             Began as a Vampire Assassin on Oct 1, 2017.
             Slain by an adder (3 damage)
             ... on level 2 of the Dungeon.
             The game lasted 00:01:49 (1659 turns).

Manul the Sneak (Vampire Assassin)                  Turns: 1659, Time: 00:01:49

Health: -1/22      AC:  4    Str: 10    XL:     2   Next: 62%
Magic:  2/2        EV: 11    Int: 13    God:
Gold:   66         SH:  3    Dex: 15    Spells: 1/1 levels left

rFire    . . .     SeeInvis +   k - -1 dagger (curse)
rCold    . . .     Gourm    .   h - +0 buckler
rNeg     + . .     Faith    .   c - +0 robe
rPois    .         Spirit   .   (no helmet)
rElec    .         Reflect  .   d - +0 cloak
rCorr    .         Harm     .   i - +0 pair of gloves
MR       .....                  (no boots)
Stlth    +++.......             (no amulet)
HPRegen  0.07/turn              (no ring)
MPRegen  0.08/turn              (no ring)

@: flying
A: fangs 3, see invisible, unbreathing
a: no special abilities


You were on level 2 of the Dungeon.
You were not thirsty.

You visited 1 branch of the dungeon, and saw 2 of its levels.

You collected 66 gold pieces.

Inventory:

Hand Weapons
 a - a +2 dagger
 b - a +0 blowgun
 k - a cursed -1 dagger (weapon)
Missiles
 e - 8 poisoned needles
 f - 2 curare-tipped needles
Armour
 c - a +0 robe (worn)
 d - a +0 cloak (worn)
 h - a +0 buckler (worn)
 i - a +0 pair of gloves (worn)
Potions
 g - 5 potions of blood


   Skills:
 + Level 1.8 Fighting
 + Level 2.4 Short Blades
 + Level 1.6 Throwing
 + Level 1.2 Dodging
 + Level 6.8 Stealth


You had one spell level left.
You didn't know any spells.

Dungeon Overview and Level Annotations

Branches:
Dungeon (2/15)

Altars:


Innate Abilities, Weirdness & Mutations

You have razor-sharp teeth.
You have supernaturally acute eyesight. (SInv)
You can survive without breathing.


Message History

The adder is lightly wounded.
The adder closely misses you.
You barely miss the adder. The adder bites you but does no damage.
The adder misses you.
You hit the adder.
The adder is lightly wounded.
The adder completely misses you.
You hit the adder. You bite the adder.
The adder is heavily wounded.
The adder barely misses you.
You hit the adder but do no damage.
The adder is heavily wounded.
The adder bites you but does no damage.
You barely miss the adder. Your bite misses the adder.
The adder is heavily wounded.
The adder bites you but does no damage.
You miss the adder.
The adder is heavily wounded.
The adder bites you but does no damage. The adder bites you.
You die...

##+####'#...... #
#........# ###
#.>......# ..#
#S.......# ..#
#........#
..#####........#
...............#
..............g###
))............lS@+
........##########
.....(..+
........#
........#
........#
........#
........#
........#


You could see an adder, a leopard gecko and a goblin.

Vanquished Creatures
  A dart slug (D:1)
  A leopard gecko (D:1)
  2 bats (D:1)
  A giant cockroach (D:1)
  A goblin (D:2)
  2 hobgoblins
  A kobold (D:1)
  A quokka (D:2)
  A ball python (D:2)
  3 frilled lizards (D:1)
  3 rats (D:1)
17 creatures vanquished.

Notes
Turn   | Place    | Note
-------+----------+-------------------------------------------
     0 | D:1      | Manul the Vampire Assassin began the quest for the Orb.
     0 | D:1      | Reached XP level 1. HP: 16/16 MP: 1/1
    75 | D:1      | Reached skill level 6 in Stealth
   295 | D:1      | Reached XP level 2. HP: 22/22 MP: 2/2
  1659 | D:2      | Slain by an adder

Vault maps used:
D:1:      roderic_crop_circles_arrival_small

Skill      XL: |  1 |
---------------+----+-----
Stealth        | 6 |  6.8
Fighting       | |  1.8
Short Blades   | |  2.4
Throwing       | |  1.6
Dodging        | |  1.2

Action                   || total
-------------------------++-------
Melee: Dagger            ||    69
       Bite              ||     8
  Use: Potion            ||     3
       Scroll            ||     2
 Stab: Sleeping          ||     6
Armor: Robe              ||    19
Dodge: Dodged            ||    38
Block: Buckler           ||    12

Table legend:
 A = Spawn XP
 B = Non-spawn XP
 C = Spawn XP percentage of total XP
 D = Spawn monster count
 E = Non-spawn monster count
 F = Spawn count percentage of total count
 G = Total turns spent on level
                    A         B        C        D         E        F      G
               +---------+---------+-------+---------+---------+-------+---------
         Total |       0 |      30 |   0.0 |       0 |      17 |   0.0 |  1659
               +---------+---------+-------+---------+---------+-------+---------
           D:1 |       0 |      23 |   0.0 |       0 |      13 |   0.0 |  1418
           D:2 |       0 |       7 |   0.0 |       0 |       4 |   0.0 |   241
               +---------+---------+-------+---------+---------+-------+---------
